 Dungeon Crawl Stone Soup version 0.24.0-35-gdb84b6a5db (webtiles) character file.

Game seed: 17293868807769629087, levelgen mode: deterministic

837 Iamsoldier the Ruffian (level 7, -5/59 HPs)
             Began as a Green Draconian Transmuter on Nov 19, 2019.
             Slain by Duvessa
             ... wielding a +2 short sword of speed
              (14 damage)
             ... on level 5 of the Dungeon.
             The game lasted 00:14:47 (5845 turns).

Iamsoldier the Ruffian (Green Draconian Transmuter) Turns: 5845, Time: 00:14:48

Health: -5/59      AC:  2    Str: 12    XL:     7   Next: 66%
Magic:  8/12       EV: 21    Int: 16    God:
Gold:   174        SH:  3    Dex: 16    Spells: 7/13 levels left

rFire    . . .     SeeInvis .     - Unarmed
rCold    . . .     Gourm    .   (shield currently unavailable)
rNeg     . . .     Faith    .   (armour unavailable)
rPois    x         Spirit   .   (helmet currently unavailable)
rElec    .         Reflect  +   (cloak currently unavailable)
rCorr    +         Harm     .   (gloves currently unavailable)
MR       .....                  (boots currently unavailable)
Stlth    +.........             m - +3 amulet of reflection
HPRegen  0.19/turn              j - ring of resist corrosion
MPRegen  0.13/turn              (no ring)

@: spider-form
A: tiny, (breathe noxious fumes), unfitting armour, AC +6
a: End Transformation


You were on level 5 of the Dungeon.
You were not hungry.
You were a venomous arachnid creature.
You visited 1 branch of the dungeon, and saw 5 of its levels.

You collected 174 gold pieces.

Inventory:

Hand Weapons
 a - a +1 hunting sling
Missiles
 d - 128 stones (quivered)
 e - 57 arrows
 h - 64 sling bullets
Jewellery
 j - a ring of resist corrosion (left front leg)
 m - a +3 amulet of reflection (around neck)
 q - an uncursed amulet of magic regeneration
Wands
 p - a wand of clouds (3)
Scrolls
 b - a scroll of enchant weapon
 f - 3 scrolls of enchant armour
 g - a scroll of fog {unknown}
 k - 4 scrolls of remove curse
 n - a scroll of immolation {unknown}
 o - 8 scrolls of identify {unknown}
 r - 2 scrolls of magic mapping {unknown}
 s - 3 scrolls of teleportation {unknown}
 t - 2 scrolls of random uselessness {unknown}
Potions
 i - a potion of resistance
 l - a potion of haste {unknown}
 u - 4 potions of flight
 w - 2 potions of degeneration {unknown}
Comestibles
 c - 8 rations
 v - 2 chunks of flesh


   Skills:
 + Level 4.0 Fighting
 + Level 3.6 Dodging
 + Level 4.6 Unarmed Combat
 + Level 3.7 Spellcasting
 * Level 4.1 Transmutations
 + Level 3.3 Poison Magic


You had 7 spell levels left.
You knew the following spells:

 Your Spells              Type           Power        Failure   Level  Hunger
a - Beastly Appendage     Tmut           ###...       11%         1    None
b - Spider Form           Tmut/Pois      ###.......   26%         3    ###....
c - Sticks to Snakes      Tmut           ###.....     14%         2    ##.....

Your spell library contained the following spells:

 Spells                   Type           Power        Failure   Level  Hunger
 Ice Form                 Ice/Tmut       #.......     78%         4    ####...
 Blade Hands              Tmut           ###.......   83%         5    ######.


Dungeon Overview and Level Annotations

Branches:
Dungeon (5/15)
 Temple: D:4-7

Altars:
Elyvilon

Annotations:
D:5 Duvessa


Innate Abilities, Weirdness & Mutations

((You can breathe blasts of noxious fumes.))
((Your lurid green scales are hard. (AC +6)))
You cannot fit into any form of body armour.
((Your system is resistant to poisons. (rPois)))
((You are cold-blooded and may be slowed by cold attacks.))


Message History

You block Duvessa's attack.
Press: ? - help, v - describe, . - travel The floor.
Casting: Beastly Appendage (safe; 3% risk of failure)
Confirm with . or Enter, or press ? or * to list all spells.
Your talons disappear.
You turn into a venomous arachnid creature.
Duvessa barely misses you. Duvessa misses you.
You barely miss Duvessa.
Duvessa hits you with a +2 short sword of speed! x2
You hit Duvessa but do no damage.
Duvessa is poisoned.
Duvessa misses you.
You hit Duvessa.
Duvessa looks as sick as possible!
Duvessa is lightly wounded.
Duvessa hits you with a +2 short sword of speed.
Duvessa hits you with a +2 short sword of speed!
* * * LOW HITPOINT WARNING * * *
You barely miss Duvessa.
Duvessa is lightly wounded.
Duvessa hits you with a +2 short sword of speed!
You die...

##################
................>#
...........#####.#
.#########.# #.#
.# #.# #.# .# #.#
#.# .# #.# #s# .#
#.# #e# ..
###.#####.## ..
#..........#
#.#######..# ...
#..# ... #$.#
..... #..# ....
#..#


You could see Duvessa (berserk).

Vanquished Creatures
  Sigmund (D:2)
  An ogre (D:4)
  A scorpion (D:4)
  Dowan (D:5)
  A howler monkey (D:4)
  A crimson imp (D:5)
  3 orc wizards
  3 orc priests
  A worker ant (D:4)
  The ghost of p0werm0de the Shield-Bearer, a weakling DDFi (D:4)
  A howler monkey skeleton (D:4)
  8 adders
  An ooze (D:4)
  An adder zombie (D:4)
  3 worms
  2 dart slugs (D:1)
  5 leopard geckos
  17 orcs
  6 giant cockroaches
  7 goblins
  9 hobgoblins
  12 jackals
  8 kobolds
  2 quokkas (D:2)
  A ball python (D:1)
  5 bats (D:1)
  3 frilled lizards
  11 rats
116 creatures vanquished.

Notes
Turn   | Place    | Note
-------+----------+-------------------------------------------
     0 | D:1      | Iamsoldier the Draconian Transmuter began the quest for the
                  | Orb.
     0 | D:1      | Reached XP level 1. HP: 16/16 MP: 3/3
   217 | D:1      | Reached XP level 2. HP: 21/23 MP: 5/5
   538 | D:1      | Reached XP level 3. HP: 29/29 MP: 4/6
   931 | D:2      | Noticed Sigmund
   961 | D:2      | Killed Sigmund
   961 | D:2      | Reached XP level 4. HP: 18/37 MP: 5/8
   961 | D:2      | Reached XP level 5. HP: 20/42 MP: 5/9
  1297 | D:2      | Learned a level 3 spell: Spider Form
  1300 | D:2      | Learned a level 2 spell: Sticks to Snakes
  2474 | D:3      | Reached XP level 6. HP: 37/50 MP: 10/10
  2479 | D:3      | Reached skill level 1 in Poison Magic
  4190 | D:4      | Found a runed translucent gate.
  4190 | D:4      | Found a runed translucent gate.
  4191 | D:4      | Found a runed translucent gate.
  4192 | D:4      | Noticed p0werm0de's ghost (weakling DDFi)
  4220 | D:4      | Killed p0werm0de's ghost
  4678 | D:4      | Your scales start taking on a lurid green colour.
  4678 | D:4      | Reached XP level 7. HP: 46/57 MP: 12/12
  4678 | D:4      | Gained mutation: Your system is resistant to poisons.
                  | (rPois) [Green Draconian growth]
  4968 | D:4      | Found a white marble altar of Elyvilon.
  5700 | D:5      | Entered Level 5 of the Dungeon
  5721 | D:5      | Noticed Dowan
  5736 | D:5      | Killed Dowan
  5832 | D:5      | Noticed Duvessa
  5845 | D:5      | Slain by Duvessa

Levels and vault maps discovered:
D:1:      dpeg_arrival_connections, layout_basic, minmay_circled_x
D:2:      layout_loops_corners, first_ration, uniq_sigmund
D:3:      layout_loops_ring, minmay_crystal_water, kennysheep_generic_room_2
D:4:      layout_gridville, old_standard_altar, gammafunk_ghost_necromancy,
          minmay_vboxes
D:5:      layout_basic, chequers_temple_overflow_statue_of_worship,
          grunt_dithmenos_smoke_and_mirrors, nemelex_xobeh_ov_fountains_minmay,
          minmay_temple_entry_sparse_star, uniq_duvessa

Skill      XL: |  1  2  3  4  5  6  7 |
---------------+----------------------+-----
Dodging        | 2 3 |  3.6
Fighting       | 2 3 4 |  4.0
Transmutations | 3 4 |  4.1
Spellcasting   | 3 |  3.7
Poison Magic   | 2 3 |  3.3
Unarmed Combat | 4 |  4.6

Action                   |  1- 3 |  4- 6 |  7- 9 || total
-------------------------+-------+-------+-------++-------
Melee: Unarmed           |   101 |   288 |   141 ||   530
       Tailslap          |    11 |    25 |    17 ||    53
       Kick              |     2 |    20 |     7 ||    29
       Headbutt          |     3 |    21 |    11 ||    35
       Punch             |       |     5 |     3 ||     8
 Cast: Beastly Appendage |    12 |    25 |     6 ||    43
       Spider Form       |       |       |     1 ||     1
 Abil: Breathe Noxious F |       |       |     2 ||     2
  Use: Potion            |     6 |     1 |       ||     7
       Scroll            |       |       |     3 ||     3
  Eat: Chunk             |       |    11 |     6 ||    17
Armor: Skin              |    22 |    79 |    38 ||   139
Dodge: Dodged            |    68 |   221 |    77 ||   366
Block: Other             |       |       |    10 ||    10
